 Dungeon Sprint DCSS version 0.27-a0-550-ge92ec0ca06 (webtiles) character file.

Game seed: 3739073190910705186

34382 rocky1 the Earth Mage (level 13, -3/123 HPs)
             Began as an Octopode Earth Elementalist on Mar 7, 2021.
             Was an Elder of Sif Muna.
             Slain by an emperor scorpion (14 damage)
             ... in the Dungeon (Sprint VII: "The Pits") on Mar 8, 2021.
             The game lasted 01:06:18 (5467 turns).

rocky1 the Earth Mage (Octopode Earth Elementalist) Turns: 5467, Time: 01:06:19

Health: -3/123     AC: 30    Str: 11    XL:     13   Next: 77%
Magic:  18/29      EV: 25    Int: 22    God:    Sif Muna [****..]
Gold:   46         SH:  0    Dex: 12    Spells: 0/36 levels left

rFire    . . .     SeeInvis .   h - staff of earth
rCold    + . .     Faith    .   (no shield)
rNeg     + . .     Spirit   .   (helmet restricted)
rPois    ∞         Reflect  .   a - amulet of the Air {Inacc +Fly rElec EV+5 RMsl}
rElec    +         Harm     .   k - +3 ring of strength
rCorr    .         Rampage  .   l - +3 ring of evasion
Will     +....     NoTele   +   u - ring of protection from cold
Stlth    +++.......             v - ring of willpower
HPRegen  0.30/turn              (no ring)
MPRegen  0.21/turn              (no ring)
                                (no ring)
                                (no ring)

@: statue-form, slowed, studying Invocations, repel missiles, very slow
A: almost no armour, amphibious, 8 rings, constrict 8, camouflage 1, nimble
swimmer 1
a: End Transformation, Renounce Religion, Evoke Flight, Channel Magic, Forget
Spell, Divine Exegesis


You were in the Dungeon.
You worshipped Sif Muna.
Sif Muna was greatly pleased with you.
You were a stone statue.
You visited 1 branch You collected 46 gold pieces.

Inventory:

Hand Weapons
 n - a +4 quarterstaff of speed
 o - a +2 morningstar of protection
Missiles
 b - 28 stones
Magical Staves
 h - a staff of earth (weapon)
 x - a staff of fire
Jewellery
 a - the amulet of the Air (around mantle) {Inacc +Fly rElec EV+5 RMsl}
   (You took it off an orc sorcerer in the Dungeon)

   [amulet of nothing]

   It affects your evasion (+5).
   It insulates you from electricity.
   It lets you fly.
   It protects you from missiles.
 k - a +3 ring of strength (left tentacle)
 l - a +3 ring of evasion (right tentacle)
 u - a ring of protection from cold (on tentacle)
 v - a ring of willpower (on tentacle)
Scrolls
 i - 5 scrolls of amnesia
 j - a scroll of summoning
 p - a scroll of identify
 q - 3 scrolls of fog
 t - a scroll of fear
Potions
 c - 11 potions of curing
 d - a potion of heal wounds
 e - 3 potions of haste
 f - a potion of magic
 g - 2 potions of berserk rage
 m - 3 potions of mutation
 r - a potion of might
 s - a potion of brilliance
 w - a potion of resistance


   Skills:
 + Level 11.3 Fighting
 + Level 3.4 Staves
 + Level 13.2 Dodging
 - Level 2.6 Stealth
 + Level 11.2 Unarmed Combat
 + Level 12.3 Spellcasting
 + Level 8.1 Conjurations
 + Level 13.7 Transmutations
 + Level 0.0 Fire Magic
 + Level 18.0 Earth Magic
 - Level 15.0 Invocations
 + Level 3.8 Evocations


You couldn't memorise any spells.
You knew the following spells:

 Your Spells              Type           Power      Damage    Failure   Level
a - Sandblast             Erth           100%       2d20      0%          1
b - Stone Arrow           Conj/Erth      100%       3d13      1%          3
c - Lee's Rapid Deconstr  Erth           47%        3d24*     1%          5
d - Statue Form           Tmut/Erth      60%        N/A       1%          6
e - Hydra Form            Tmut           32%        N/A       2%          6
f - Iron Shot             Conj/Erth      41%        9d8       3%          6
g - Fire Storm            Conj/Fire      15%        8d4       100%        9

Your spell library contained the following spells:

 Spells                   Type           Power      Damage    Failure   Level
 Passwall                 Tmut/Erth      75%        N/A       0%          2
 Beastly Appendage        Tmut           100%       N/A       1%          1
 Foxfire                  Conj/Fire      100%       2x1d9     1%          1
 Magic Dart               Conj           100%       1d8       1%          1
 Shock                    Conj/Air       100%       1d9       1%          1
 Sting                    Tmut/Pois      100%       1d8       1%          1
 Searing Ray              Conj           98%        3d7       1%          2
 Wereblood                Tmut           65%        N/A       1%          2
 Spider Form              Tmut/Pois      21%        N/A       1%          3
 Leda's Liquefaction      Hex/Erth       34%        N/A       1%          4
 Petrify                  Tmut/Erth      90%        N/A       1%          4
 Blade Hands              Tmut           32%        N/A       1%          5
 Irradiate                Conj/Tmut      28%        3d22      1%          5
 Conjure Flame            Conj/Fire      31%        6-21      2%          3
 Dazzling Flash           Conj/Hex       62%        N/A       2%          3
 Ignite Poison            Fire/Tmut/Pois 33%        N/A       2%          3
 Ice Form                 Ice/Tmut       43%        N/A       2%          4
 Bolt of Magma            Conj/Fire/Erth 33%        4d15      3%          5
 Borgnjor's Vile Clutch   Necr/Erth      34%        N/A       3%          5
 Animate Skeleton         Necr           26%        N/A       4%          1
 Apportation              Tloc           26%        N/A       4%          1
 Pain                     Necr           52%        1d6       4%          1
 Summon Small Mammal      Summ           52%        N/A       4%          1
 Mephitic Cloud           Conj/Pois/Air  25%        N/A       4%          3
 Iskenderun's Battlesphe  Conj           49%        2d10      4%          5
 Call Imp                 Summ           13%        N/A       8%          2
 Corpse Rot               Necr/Air       N/A        N/A       8%          2
 Poisonous Vapours        Pois/Air       26%        N/A       8%          2
 Slow                     Hex            13%        N/A       8%          2
 Sublimation of Blood     Necr           6%         N/A       8%          2
 Alistair's Intoxication  Tmut/Pois      28%        N/A       8%          5
 Yara's Violent Unravell  Hex/Tmut       21%        3d10      8%          5
 Fulminant Prism          Conj/Hex       15%        3d11      9%          4
 Iskenderun's Mystic Bla  Conj/Tloc      31%        2d8       9%          4
 Sticky Flame             Conj/Fire      31%        2d5       9%          4
 Call Canine Familiar     Summ           13%        N/A       14%         3
 Inner Flame              Hex/Fire       13%        N/A       14%         3
 Portal Projectile        Hex/Tloc       26%        N/A       14%         3
 Summon Guardian Golem    Hex/Summ       13%        N/A       14%         3
 Vampiric Draining        Necr           6%         2d6       14%         3
 Dragon Form              Tmut           32%        N/A       14%         7
 Fireball                 Conj/Fire      15%        3d8       26%         5
 Eringya's Noxious Bog    Tmut/Pois      21%        N/A       41%         6
 Cause Fear               Hex            6%         N/A       43%         4
 Olgreb's Toxic Radiance  Pois           13%        N/A       43%         4
 Passage of Golubria      Tloc           N/A        N/A       43%         4
 Agony                    Necr           13%        N/A       80%         5
 Excruciating Wounds      Necr           6%         N/A       80%         5
 Silence                  Hex/Air        6%         N/A       80%         5
 Summon Forest            Summ/Tloc      6%         N/A       80%         5
 Summon Mana Viper        Hex/Summ       13%        N/A       80%         5
 Starburst                Conj/Fire      15%        8x6d6     80%         6
 Lehudib's Crystal Spear  Conj/Erth      41%        10d10     83%         8
 Shatter                  Erth           47%        3d36*     96%         9
 Dispersal                Tloc           6%         N/A       100%        6
 Shadow Creatures         Summ           N/A        N/A       100%        6
 Simulacrum               Ice/Necr       6%         N/A       100%        6
 Haunt                    Necr/Summ      6%         N/A       100%        7
 Malign Gateway           Summ/Tloc      6%         N/A       100%        7
 Monstrous Menagerie      Summ           6%         N/A       100%        7
 Summon Hydra             Summ           6%         N/A       100%        7
 Ignition                 Fire           6%         3d4       100%        8
 Necromutation            Tmut/Necr      21%        N/A       100%        8
 Summon Horrible Things   Summ           6%         N/A       100%        8
 Animate Armour           Summ/Erth      Unusable   N/A       N/A         4

Dungeon Overview and Level Annotations

Branches:
Dungeon (1/1)

Altars:
Ashenzari
Cheibriados
Dithmenos
Elyvilon
Fedhas
Gozag
Hepliaklqana
Kikubaaqudgha
Makhleb
Nemelex Xobeh
Okawaru
Qazlal
Ru
Sif Muna
Trog
Uskayaw
Vehumet
Wu Jian
Xom
Yredelemnul
Zin
The Shining One
Beogh
Jiyva
Lugonu


Innate Abilities, Weirdness & Mutations

You cannot wear most types of armour.
You are amphibious.
You can wear up to eight rings at the same time.
You can use your tentacles to constrict eight enemies at once.
Your skin changes colour to match your surroundings (Stealth+).
((Your rubbery body absorbs attacks. (AC +1, EV +1)))
You are stealthy while swimming. (Stealth+)


Message History

An orc knight comes into view. It is wielding a +1 great sword.
The emperor scorpion misses you. The emperor scorpion claws you.
* * * LOW HITPOINT WARNING * * *
The emperor scorpion claws you but does no damage.
The death cob hits you but does no damage.
An orc knight comes into view. It is wielding a +0 long sword.
The emperor scorpion stings you but does no damage.
The emperor scorpion claws you but does no damage. x2
The death cob hits you but does no damage.
Casting: Lee's Rapid Deconstruction (safe; 1% risk of failure)
Confirm with . or Enter, or press ? or * to list all spells.
Aiming: Lee's Rapid Deconstruction (safe; 1% risk of failure)
Press: ? - help, Dir - move target A metal wall.
You feel a surge of power!
The metal wall shatters!
The blast of metal fragments hits the death cob but does no damage.
The death cob is almost destroyed.
The blast of metal fragments hits the emperor scorpion!!
The emperor scorpion is severely wounded.
The orc knight shouts!
The death cob hits you.
* * * LOW HITPOINT WARNING * * *
The death cob drains your vigour!
You feel as though you will be slow longer.
The death cob hits you but does no damage.
The death cob closely misses you. The death cob completely misses you.
An orc warlord comes into view.
It is wielding a +1 vorpal great sword and wearing a +4 chain mail of fire resistance.
An orc knight comes into view. It is wielding a +0 battleaxe.
The emperor scorpion stings you but does no damage.
The emperor scorpion completely misses you.
The emperor scorpion barely misses you.
A vampire mosquito comes into view.
The orc knight roars a battlecry!
The orcs go into a battle-frenzy!
The death cob hits you!!
* * * LOW HITPOINT WARNING * * *
The orc warlord roars a battlecry!
The orc knight goes into a battle-frenzy!
The emperor scorpion stings you!
You die...

#..# ...# ...# #..# ...+ ...+
#''#
#''##############################
#...............8................
#...[...........zs...............
#..##############''##############
#..# ..... # #..# ..o...# # #..#
#..oy..# # #..# ###.o### # #..#
..o. # #..# .... #


You could see an emperor scorpion, an orc warlord (strong), a death cob, 3 orc
knights and a vampire mosquito (wandering).

Vanquished Creatures
  2 death cobs (D)
  An orc warlord (D)
  An emperor scorpion (D)
  2 ghouls (D)
  A vampire knight (D)
  A green draconian (D)
  A boulder beetle (D)
  A death knight (D)
  A merfolk avatar (D)
  2 two-headed ogres (D)
  A death yak (D)
  A sun demon (D)
  2 hell knights (D)
  An orc high priest (D)
  A deep elf knight (D)
  3 shadow wraiths (D)
  A fire crab (D)
  A spriggan druid (D)
  A deep troll (D)
  A phantasmal warrior (D)
  A bog body (D)
  A necromancer (D)
  A deep elf zephyrmancer (D)
  4 harpies (D)
  2 orc sorcerers (D)
  A cyclops (D)
  A guardian serpent (D)
  4 molten gargoyles (D)
  An orange demon (D)
  2 merfolk sirens (D)
  2 smoke demons (D)
  A cane toad (D)
  An efreet (D)
  A komodo dragon (D)
  An ice devil (D)
  A hellwing (D)
  A jumping spider (D)
  A polar bear (D)
  2 hornets (D)
  A snapping turtle (D)
  A flying skull (D)
  A tarantella (D)
  3 shadows (D)
  A ynoxinul (D)
  2 basilisks (D)
  4 yaks (D)
  A neqoxec (D)
  Eustachio (D)
  A warg (D)
  4 floating eyes (D)
  A black bear (D)
  2 necrophages (D)
  6 orc warriors (D)
  An ice beast (D)
  3 centaurs (D)
  6 wolves (D)
  An ogre (D)
  A small abomination (D)
  2 orc priests (D)
  2 gnoll shamans (D)
  An iron imp (D)
  3 orc wizards (D)
  2 worker ants (D)
  9 gnolls (D)
  An adder (D)
  A white imp (D)
  2 adder skeletons (D)
  An adder simulacrum (D)
  2 leopard geckos (D)
  8 orcs (D)
  A bat skeleton (D)
  4 bat zombies (D)
  A giant cockroach (D)
  A goblin (D)
  A hobgoblin (D)
  A bat simulacrum (D)
  2 frilled lizards (D)
  A rat (D)
142 creatures vanquished.

Vanquished Creatures (others)
  A rust devil (D)
  An adder zombie (D)
  A fire vortex (D)
3 creatures vanquished.

Grand Total: 145 creatures vanquished

Notes
Turn   | Place    | Note
-------+----------+-------------------------------------------
     0 | D        | rocky1 the Octopode Earth Elementalist began the quest for
                  | the Orb.
     0 | D        | Reached XP level 1. HP: 11/11 MP: 3/3
    21 | D        | Found a bloodstained altar of Trog.
    21 | D        | Found a shimmering blue altar of Sif Muna.
    21 | D        | Found a viscous altar of Jiyva.
    21 | D        | Found a hazy altar of Hepliaklqana.
    21 | D        | Found an opulent altar of Gozag.
    22 | D        | Found a glowing golden altar of the Shining One.
    22 | D        | Found a glowing silver altar of Zin.
    22 | D        | Found a basalt altar of Yredelemnul.
    22 | D        | Found a shimmering altar of Xom.
    22 | D        | Found an ornate altar of the Wu Jian Council.
    22 | D        | Found a sacrificial altar of Ru.
    22 | D        | Found a stormy altar of Qazlal.
    22 | D        | Found an iron altar of Okawaru.
    22 | D        | Found a sparkling altar of Nemelex Xobeh.
    22 | D        | Found a burning altar of Makhleb.
    22 | D        | Found a blossoming altar of Fedhas.
    22 | D        | Found a white marble altar of Elyvilon.
    22 | D        | Found a shadowy altar of Dithmenos.
    22 | D        | Found a snail-covered altar of Cheibriados.
    24 | D        | Found a radiant altar of Vehumet.
    24 | D        | Found a corrupted altar of Lugonu.
    25 | D        | Found a hide-covered altar of Uskayaw.
    25 | D        | Found an ancient bone altar of Kikubaaqudgha.
    25 | D        | Found a broken altar of Ashenzari.
    27 | D        | Became a worshipper of Sif Muna the Loreminder
    59 | D        | Noticed a floating eye
    63 | D        | Killed a floating eye
    64 | D        | Reached skill level 9 in Earth Magic
    64 | D        | Reached XP level 2. HP: 17/17 MP: 3/5
    64 | D        | Reached XP level 3. HP: 21/21 MP: 3/6
    64 | D        | Reached XP level 4. HP: 27/27 MP: 3/7
   228 | D        | Reached * piety under Sif Muna
   229 | D        | Reached XP level 5. HP: 26/31 MP: 8/8
   282 | D        | Reached skill level 10 in Earth Magic
   285 | D        | Reached ** piety under Sif Muna
   335 | D        | Learned a level 3 spell: Stone Arrow
   375 | D        | Reached *** piety under Sif Muna
   379 | D        | Reached skill level 11 in Earth Magic
   380 | D        | Reached **** piety under Sif Muna
   384 | D        | Reached XP level 6. HP: 24/36 MP: 2/9
   386 | D        | Reached skill level 1 in Invocations
   386 | D        | Reached ***** piety under Sif Muna
   386 | D        | Identified Sif Muna's Spellcraft for Beginners (Sif Muna
                  | gifted it to you in the Dungeon)
   386 | D        | Received a gift from Sif Muna
   387 | D        | Reached skill level 1 in Conjurations
   387 | D        | Reached skill level 12 in Earth Magic
   421 | D        | Noticed a floating eye
   428 | D        | Paralysed by a floating eye for 3 turns
   432 | D        | Killed a floating eye
   715 | D        | Learned a level 5 spell: Lee's Rapid Deconstruction
   718 | D        | Reached XP level 7. HP: 45/45 MP: 1/13
  1111 | D        | Noticed a hellwing
  1122 | D        | Killed a hellwing
  1123 | D        | Reached skill level 5 in Dodging
  1123 | D        | Reached skill level 5 in Spellcasting
  1347 | D        | Received a gift from Sif Muna
  1349 | D        | Reached XP level 8. HP: 52/52 MP: 4/15
  1923 | D        | Noticed a shadow
  1923 | D        | Noticed a two-headed ogre
  1924 | D        | Killed a shadow
  1925 | D        | Reached skill level 13 in Earth Magic
  1931 | D        | Killed a two-headed ogre
  1932 | D        | Reached skill level 5 in Fighting
  1932 | D        | Reached skill level 5 in Unarmed Combat
  1932 | D        | Reached XP level 9. HP: 61/61 MP: 3/19
  2140 | D        | Noticed a smoke demon
  2140 | D        | Noticed a deep troll
  2141 | D        | Noticed an orc sorcerer
  2143 | D        | Killed a smoke demon
  2144 | D        | Reached skill level 5 in Invocations
  2145 | D        | Killed a deep troll
  2145 | D        | Received a gift from Sif Muna
  2146 | D        | Reached skill level 5 in Transmutations
  2209 | D        | Noticed an efreet
  2211 | D        | Killed an efreet
  2212 | D        | Reached skill level 14 in Earth Magic
  2212 | D        | Noticed an orc high priest
  2215 | D        | Killed an orc high priest
  2216 | D        | Reached XP level 10. HP: 69/69 MP: 1/21
  2261 | D        | Noticed a phantasmal warrior
  2263 | D        | Killed an orc sorcerer
  2266 | D        | Killed a phantasmal warrior
  2268 | D        | Identified Netzuoc's Collected Works on Earth (Sif Muna
                  | gifted it to you in the Dungeon)
  2268 | D        | Received a gift from Sif Muna
  2269 | D        | Noticed Eustachio
  2272 | D        | Killed Eustachio
  2281 | D        | Learned a level 6 spell: Statue Form
  2291 | D        | Reached skill level 5 in Conjurations
  2435 | D        | Noticed a cane toad
  2440 | D        | Identified Sif Muna's Volume of Entrancing Transmigration
                  | (Sif Muna gifted it to you in the Dungeon)
  2440 | D        | Received a gift from Sif Muna
  2443 | D        | Reached skill level 10 in Dodging
  2443 | D        | Killed a cane toad
  2468 | D        | Noticed a molten gargoyle
  2475 | D        | Killed a molten gargoyle
  2475 | D        | Identified Sif Muna's Disquisition on Transmutation (Sif
                  | Muna gifted it to you in the Dungeon)
  2475 | D        | Received a gift from Sif Muna
  2476 | D        | Reached skill level 15 in Earth Magic
  2522 | D        | Noticed a molten gargoyle
  2524 | D        | Killed a molten gargoyle
  2525 | D        | Reached XP level 11. HP: 68/74 MP: 8/22
  2629 | D        | Noticed a deep elf zephyrmancer
  2638 | D        | Killed a deep elf zephyrmancer
  2640 | D        | Reached ****** piety under Sif Muna
  2640 | D        | Identified Sif Muna's Disquisition on Combat Magic (Sif
                  | Muna gifted it to you in the Dungeon)
  2640 | D        | Received a gift from Sif Muna
  2642 | D        | Reached skill level 10 in Transmutations
  2642 | D        | Reached skill level 10 in Invocations
  2660 | D        | Identified Sif Muna's Incunabulum of Entrancing Changing
                  | (Sif Muna gifted it to you in the Dungeon)
  2660 | D        | Received a gift from Sif Muna
  3004 | D        | Noticed a bog body
  3013 | D        | Killed a bog body
  3014 | D        | Reached skill level 16 in Earth Magic
  3016 | D        | Received a gift from Sif Muna
  3233 | D        | Noticed a deep elf knight
  3239 | D        | Killed a shadow wraith
  3239 | D        | Noticed a death knight
  3515 | D        | Killed a death knight
  3774 | D        | Learned a level 6 spell: Hydra Form
  3781 | D        | Learned a level 6 spell: Iron Shot
  3827 | D        | Noticed a spriggan druid
  3830 | D        | Killed a spriggan druid
  3830 | D        | Identified Sif Muna's Almanac of Earthen Flames (Sif Muna
                  | gifted it to you in the Dungeon)
  3830 | D        | Received a gift from Sif Muna
  3831 | D        | Reached skill level 10 in Spellcasting
  3831 | D        | Reached XP level 12. HP: 81/81 MP: 9/26
  4107 | D        | Noticed a sun demon
  4117 | D        | Killed a sun demon
  4117 | D        | Received a gift from Sif Muna
  4397 | D        | Noticed a hell knight
  4400 | D        | Noticed an emperor scorpion
  4400 | D        | Noticed a hell knight
  4401 | D        | Noticed a green draconian
  4403 | D        | Killed a hell knight
  4407 | D        | Noticed a death cob
  4410 | D        | Killed a green draconian
  4412 | D        | Killed a death cob
  4412 | D        | Identified Doxzit's Volume of Heat and Summoning (Sif Muna
                  | gifted it to you in the Dungeon)
  4412 | D        | Received a gift from Sif Muna
  4413 | D        | Reached skill level 17 in Earth Magic
  4414 | D        | Noticed an orc warlord
  4420 | D        | Noticed a merfolk avatar
  4425 | D        | Killed an orc warlord
  4425 | D        | Killed an emperor scorpion
  4426 | D        | Reached XP level 13. HP: 92/92 MP: 10/28
  4427 | D        | Reached skill level 10 in Fighting
  4428 | D        | Reached skill level 10 in Unarmed Combat
  4428 | D        | Reached skill level 15 in Invocations
  4459 | D        | Identified Sif Muna's Reference Book on Heat (Sif Muna
                  | gifted it to you in the Dungeon)
  4459 | D        | Received a gift from Sif Muna
  4753 | D        | Received a gift from Sif Muna
  5164 | D        | Upgraded the game from 0.27-a0-538-g15ff5c5295 to
                  | 0.27-a0-550-ge92ec0ca06
  5194 | D        | Got the Compendium of Supportive Transmutation
  5240 | D        | Reached skill level 1 in Evocations
  5312 | D        | Noticed a vampire knight
  5312 | D        | Noticed a death cob
  5312 | D        | Noticed a ghoul
  5312 | D        | Noticed a ghoul
  5313 | D        | Identified Sif Muna's Papyrus of Spatial Enchantment (Sif
                  | Muna gifted it to you in the Dungeon)
  5313 | D        | Received a gift from Sif Muna
  5314 | D        | Reached skill level 1 in Staves
  5314 | D        | Killed a death cob
  5315 | D        | Killed a vampire knight
  5318 | D        | Killed a ghoul
  5318 | D        | Killed a ghoul
  5318 | D        | Identified Sif Muna's Grimoire of Dark Rituals (Sif Muna
                  | gifted it to you in the Dungeon)
  5318 | D        | Received a gift from Sif Muna
  5319 | D        | Reached skill level 18 in Earth Magic
  5460 | D        | Learned a level 9 spell: Fire Storm
  5461 | D        | Noticed a death cob
  5461 | D        | Noticed an emperor scorpion
  5467 | D        | Noticed an orc warlord
  5467 | D        | Slain by an emperor scorpion

Illustrated notes

Levels and vault maps discovered:
D:        pitsprint [storerooms_1, entrance_room_1, metal_vault_5, armoury_1,
          mini_pit_1, grid_room_1, main_hall_1, silver_pit, the_coven_2,
          the_vestibule_1, steel_vault_4, golden_pit, hallway_of_sentries,
          crystal_vault_1, iron_vault_3, final_vault]

Skill      XL: |  1  2  3  4  5  6  7  8  9 10 11 12 13 |
---------------+----------------------------------------+-----
Earth Magic    | 9 11 12 13 14 15 16 17 18 | 18.0
Invocations    | 2 4 6 9 12 14 15 | 15.0
Conjurations   | 1 3 6 8 |  8.1
Transmutations | 2 4 6 9 11 12 13 | 13.7
Fighting       | 2 3 5 6 7 9 11 | 11.3
Dodging        | 4 5 7 9 10 12 13 | 13.2
Unarmed Combat | 2 3 5 6 7 9 11 | 11.2
Spellcasting   | 4 5 6 7 10 11 12 | 12.3
Evocations     | 3 |  3.8
Staves         | 3 |  3.4
Stealth        | |  2.6

Action                   |  1- 3 |  4- 6 |  7- 9 | 10-12 | 13-15 || total
-------------------------+-------+-------+-------+-------+-------++-------
Melee: Unarmed           |     3 |    29 |       |    28 |    32 ||    92
       Constrict         |     1 |     6 |       |     2 |     8 ||    17
       Tentacles         |       |     5 |       |     6 |     5 ||    16
       Punch             |       |       |       |     1 |     1 ||     2
       Staff             |       |       |       |       |     7 ||     7
 Cast: Sandblast         |     3 |    18 |       |     8 |     3 ||    32
       Lee's Rapid Decon |       |     2 |    21 |    89 |    15 ||   127
       Statue Form       |       |       |       |    11 |     3 ||    14
       Lehudib's Crystal |       |       |       |     2 |     3 ||     5
       Stone Arrow       |       |       |       |     1 |       ||     1
       Hydra Form        |       |       |       |     1 |     1 ||     2
       Shatter           |       |       |       |     1 |       ||     1
       Fire Storm        |       |       |       |       |     1 ||     1
Invok: Channel Magic     |       |       |     3 |    14 |     2 ||    19
       Divine Exegesis   |       |       |       |     3 |     4 ||     7
  Use: Potion            |       |     2 |     3 |    14 |     3 ||    22
       Scroll            |       |       |       |     5 |       ||     5
 Stab: Sleeping          |       |     2 |       |       |       ||     2
       Invisible         |       |       |       |       |     1 ||     1
Armor: Skin              |       |     9 |       |    28 |    19 ||    56
Dodge: Dodged            |       |    40 |    14 |    96 |   101 ||   251

Table legend: (Time is in decaauts)
 A = Elapsed time spent in this place.
 B = Non-inter-level travel time spent in this place.
 C = Inter-level travel time spent in this place.
 D = Time resting spent in this place.
 E = Time spent auto-exploring this place.
 F = Levels seen in this place.
 G = Mean time per level.
                   A        B        C        D        E       F      G
               +--------+--------+--------+--------+--------+-----+--------+
         Total |   5743 |   5627 |    116 |   4041 |      0 |   1 | 5743.0 |
       Dungeon |   5743 |   5627 |    116 |   4041 |      0 |   1 | 5743.0 |
               +--------+--------+--------+--------+--------+-----+--------+

Top non-repeatable levels by time:
       D: 5743 daAuts
